 Dungeon Crawl Stone Soup version 0.31-a0-152-g6aa68a64a1 (webtiles) character file.

Game seed: 9416393592168208104

812 qw the Skirmisher (level 7, -3/44 HPs)
             Began as a Gargoyle Hunter on June 10, 2023.
             Was a Follower of Okawaru.
             Slain by a yak (10 damage)
             ... on level 5 of the Dungeon.
             The game lasted 00:01:32 (3270 turns).

qw the Skirmisher (Gargoyle Hunter)                 Turns: 3270, Time: 00:01:33

Health: -3/44      AC: 10    Str: 15    XL:     7   Next: 93%
Magic:  7/7        EV: 12    Int:  9    God:    Okawaru [*.....]
Gold:   191        SH:  0    Dex: 21    Spells: 6/6 levels left

rFire   . . .        Y - +0 shortbow
rCold   . . .        (shield currently unavailable)
rNeg    + + .        j - +0 ring mail
rPois   inf          (no helmet)
rElec   +            (no cloak)
rCorr   .            (no gloves)
SInv    .            (no boots)
Will    .....        k - amulet of faith
Stlth   +            g - +6 ring of dexterity
HPRegen 0.27/turn    h - ring of positive energy
MPRegen 0.10/turn

%: faith
@: no status effects
A: sickness immunity, AC +4, negative energy resistance 1, electricity
resistance, torment resistance 1, petrification resistance
a: Renounce Religion, Heroism


You were on level 5 of the Dungeon.
You worshipped Okawaru.
Okawaru was aware of your devotion.
You visited 2 branches of the dungeon, and saw 6 of its levels.

You collected 261 gold pieces.
You spent 70 gold pieces at shops.


Innate Abilities, Weirdness & Mutations

You are immune to sickness and miasma.
Your stone body is resilient. (AC +4)
You are immune to poison.
You resist negative energy. (rN+)
You are resistant to electric shocks. (rElec)
You are resistant to unholy torment.
You are immune to petrification.


   Skills:
 + Level 4.4 Fighting
 - Level 8.2 Ranged Weapons
 - Level 1.8 Armour
 - Level 2.5 Dodging
 - Level 1.1 Stealth


You had 6 spell levels left.
You didn't know any spells.
Your spell library was empty.

Inventory:

Hand Weapons
 Y - a +0 shortbow (weapon)
Armour
 j - a +0 ring mail (worn)
Jewellery
 g - a +6 ring of dexterity (left hand)
 h - a ring of positive energy (right hand)
 k - an amulet of faith (around neck)
Scrolls
 a - a scroll of identify
 b - a scroll of enchant weapon {unknown}
 f - a scroll of enchant armour
Potions
 d - a potion of lignification
 e - a potion of might
 i - a potion of cancellation {unknown}
 l - a potion of brilliance {unknown}

Dungeon Overview and Level Annotations

Branches:
Dungeon (5/15)             Temple (1/1) D:4

Altars:
Ashenzari
Dithmenos
Elyvilon
Fedhas
Gozag
Hepliaklqana
Kikubaaqudgha
Makhleb
Nemelex Xobeh
Okawaru
Ru
Uskayaw
Vehumet
Wu Jian
Xom
Yredelemnul
Zin
The Shining One

Shops:
D:2 ([(=?   D:3 (


Message History

The yak is moderately wounded.
The yak closely misses you. x3; The yak gores you but does no damage.
You shoot an arrow. The arrow hits the yak.
The yak is moderately wounded.
The yak barely misses you. The yak misses you.
You shoot an arrow. The arrow hits the yak!
The yak is heavily wounded.
The yak barely misses you. x2
You shoot an arrow. The arrow closely misses the yak.
The yak gores you. The yak gores you but does no damage.
You shoot an arrow.
The arrow hits the yak but does no damage.
The yak is heavily wounded.
The yak gores you! The yak gores you but does no damage.
You shoot an arrow. The arrow barely misses the yak.
The yak closely misses you. The yak gores you but does no damage.
You shoot an arrow. The arrow hits the yak.
The yak is heavily wounded.
The yak closely misses you. The yak gores you.
You shoot an arrow.
The arrow hits the yak but does no damage.
The yak is heavily wounded.
The yak gores you but does no damage. The yak barely misses you.
You shoot an arrow. The arrow barely misses the yak.
The yak barely misses you. The yak misses you.
You shoot an arrow. The arrow barely misses the yak.
The yak closely misses you. x2
You shoot an arrow. The arrow hits the yak!
The yak is severely wounded.
The yak closely misses you. The yak gores you! The yak misses you.
The yak gores you but does no damage.
You shoot an arrow. The arrow hits the yak!
The yak is almost dead.
The yak gores you but does no damage. The yak misses you.
You shoot an arrow. The arrow hits the yak.
You kill the yak!
Okawaru is honoured by your kill.
You can now gain great but temporary skills.
The yak gores you!
You die...

............8.#
..............##
.......(.#####.##
.........# #...##
.........# ##....##
#######...##......#
#...#......##
..........#
#.<....@..#
##....Y...#
#...(....#
#........#
#......>.#
#........#
#.......##
#.......#


You could see a yak.

Vanquished Creatures
  2 yaks (D:5)
  An ogre (D:4)
  A phantom (D:3)
  2 scorpions
  2 orc priests (D:4)
  A hound (D:4)
  A jelly (D:4)
  A sleepcap (D:4)
  Jessica (D:2)
  3 orc wizards
  6 adders
  An ufetubus (D:5)
  2 worms
  3 dart slugs
  7 orcs
  6 bats
  6 endoplasms
  2 giant cockroaches
  5 hobgoblins
  3 jackals (D:1)
  10 kobolds
  4 quokkas
  4 ball pythons
  3 frilled lizards
  11 goblins
  8 rats
96 creatures vanquished.

Notes
Turn   | Place    | Note
-------+----------+-------------------------------------------
     0 | D:1      | qw the Gargoyle Hunter began the quest for the Orb.
     0 | D:1      | Reached XP level 1. HP: 12/12 MP: 1/1
     0 | D:1      | 0 ||| qw: Version: 0.2-a-29-g767f381
     0 | D:1      | 0 ||| qw: Game counter: 3906
     0 | D:1      | 0 ||| qw: Always use a shield: true
     0 | D:1      | 0 ||| qw: God list: Okawaru
     0 | D:1      | 0 ||| qw: Allow faded altars: false
     0 | D:1      | 0 ||| qw: Do Orc after D:15 true
     0 | D:1      | 0 ||| qw: Do second Lair branch before Depths: true
     0 | D:1      | 0 ||| qw: Lair rune preference: random
     0 | D:1      | 0 ||| qw: Plans: Normal, Zot:1-4, Slime:5, God:TSO, Crypt,
                  | Tomb, Abyss, Pan, Hells, Win
     0 | D:1      | 0 ||| PLANNING D:1-11
   117 | D:1      | Reached XP level 2. HP: 8/17 MP: 2/2
   177 | D:1      | 177 ||| FLEEEEING.
   180 | D:1      | 180 ||| FLEEEEING.
   181 | D:1      | 181 ||| FLEEEEING.
   182 | D:1      | 182 ||| FLEEEEING.
   183 | D:1      | 183 ||| FLEEEEING.
   184 | D:1      | 184 ||| FLEEEEING.
   185 | D:1      | 185 ||| FLEEEEING.
   189 | D:1      | 189 ||| FLEEEEING.
   190 | D:1      | 190 ||| FLEEEEING.
   191 | D:1      | 191 ||| FLEEEEING.
   192 | D:1      | 192 ||| FLEEEEING.
   193 | D:1      | 193 ||| FLEEEEING.
   194 | D:1      | 194 ||| FLEEEEING.
   195 | D:1      | 195 ||| FLEEEEING.
   196 | D:1      | 196 ||| FLEEEEING.
   197 | D:1      | 197 ||| FLEEEEING.
   198 | D:1      | 198 ||| FLEEEEING.
   199 | D:1      | 199 ||| FLEEEEING.
   200 | D:1      | 200 ||| FLEEEEING.
   201 | D:1      | 201 ||| FLEEEEING.
   202 | D:1      | 202 ||| FLEEEEING.
   203 | D:1      | 203 ||| FLEEEEING.
   204 | D:1      | 204 ||| FLEEEEING.
   205 | D:1      | 205 ||| FLEEEEING.
   206 | D:1      | 206 ||| FLEEEEING.
   207 | D:1      | 207 ||| FLEEEEING.
   208 | D:1      | 208 ||| FLEEEEING.
   209 | D:1      | 209 ||| FLEEEEING.
   210 | D:1      | 210 ||| FLEEEEING.
   211 | D:1      | 211 ||| FLEEEEING.
   212 | D:1      | 212 ||| FLEEEEING.
   213 | D:1      | 213 ||| FLEEEEING.
   410 | D:1      | Reached XP level 3. HP: 21/21 MP: 3/3
   767 | D:1      | 767 ||| DROPPING scarf of shadows.
   768 | D:1      | 768 ||| UPGRADING to amulet of faith.
   773 | D:1      | 773 ||| UPGRADING to +6 ring of dexterity.
   774 | D:1      | 774 ||| UPGRADING to ring of positive energy.
   775 | D:1      | 775 ||| READING scroll labelled BEITUH XECOL.
   776 | D:1      | 776 ||| READING scroll labelled MIUVAME ROAF.
   777 | D:1      | 777 ||| DROPPING scroll of butterflies.
   819 | D:2      | Reached skill level 5 in Ranged Weapons
   820 | D:2      | Found Fuulacerr's Weapon Shop.
   991 | D:2      | Found Ugean's Jewellery Boutique.
  1003 | D:2      | Reached skill level 3 in Fighting
  1025 | D:2      | 1025 ||| SHOPLISTING +4 ring of protection (396 gold, have
                  | 78).
  1025 | D:2      | 1025 ||| SHOPLISTING +6 ring of strength (396 gold, have
                  | 78).
  1025 | D:2      | 1025 ||| SHOPLISTING amulet of reflection (330 gold, have
                  | 78).
  1025 | D:2      | 1025 ||| SHOPLISTING ring of Hiufatte {Str+6 Dex+2} (519
                  | gold, have 78).
  1025 | D:2      | 1025 ||| SHOPLISTING ring of protection from cold (275
                  | gold, have 78).
  1054 | D:2      | Found Jiale's Antique Armour Shoppe.
  1085 | D:2      | Reached XP level 4. HP: 28/28 MP: 4/4
  1108 | D:2      | Found a faded altar of an unknown god.
  1156 | D:2      | Found Soapt's Magic Scroll Emporium.
  1160 | D:2      | 1160 ||| BUYING scroll of identify (20 gold).
  1160 | D:2      | Bought a scroll of identify for 20 gold pieces
  1160 | D:2      | 1160 ||| BUYING scroll of identify (20 gold).
  1160 | D:2      | Bought a scroll of identify for 20 gold pieces
  1160 | D:2      | 1160 ||| BUYING scroll of teleportation (30 gold).
  1160 | D:2      | Bought a scroll of teleportation for 30 gold pieces
  1160 | D:2      | 1160 ||| SHOPLISTING scroll of teleportation (30 gold, have
                  | 24).
  1304 | D:2      | Found Lixexaost's Antique Weapon Emporium.
  1310 | D:2      | 1310 ||| SHOPLISTING slimy orcbow (212 gold, have 24).
  1339 | D:2      | 1339 ||| SHOPLISTING cloak (108 gold, have 24).
  1339 | D:2      | 1339 ||| SHOPLISTING dyed leather armour (120 gold, have
                  | 24).
  1339 | D:2      | 1339 ||| SHOPLISTING pair of boots (108 gold, have 24).
  1339 | D:2      | 1339 ||| SHOPLISTING pair of glowing gloves (180 gold, have
                  | 24).
  1339 | D:2      | 1339 ||| SHOPLISTING ring mail (96 gold, have 24).
  1346 | D:2      | Noticed Jessica
  1347 | D:2      | Killed Jessica
  1574 | D:2      | 1574 ||| READING 2 scrolls of identify.
  1574 | D:2      | 1574 ||| IDENTIFYING fuming coppery potion
  1637 | D:3      | Reached XP level 5. HP: 32/32 MP: 5/5
  1646 | D:3      | Reached skill level 6 in Ranged Weapons
  1878 | D:3      | Reached XP level 6. HP: 32/37 MP: 6/6
  1940 | D:3      | Found Tidghiro's Weapon Shop.
  2176 | D:3      | 2176 ||| UPGRADING to +0 ring mail.
  2186 | D:3      | 2186 ||| DROPPING +0 leather armour.
  2187 | D:3      | 2187 ||| DROPPING ring of magical power.
  2188 | D:3      | 2188 ||| READING scroll labelled KANUGE WACREM.
  2221 | D:4      | Reached skill level 1 in Armour
  2227 | D:4      | 2227 ||| STAIRDANCE
  2237 | D:3      | HP: 7/37 [phantom (3)]
  2238 | D:3      | 2238 ||| READING scroll of teleportation.
  2405 | D:4      | Reached XP level 7. HP: 15/44 MP: 7/7
  2610 | D:4      | Reached skill level 7 in Ranged Weapons
  2633 | D:4      | Found a staircase to the Ecumenical Temple.
  2634 | D:4      | 2634 ||| PLANNING TEMPLE
  2634 | D:4      | 2634 ||| READING scroll labelled BIUTHR YZESHRIS.
  2651 | Temple   | Entered the Ecumenical Temple
  2663 | Temple   | 2663 ||| PLANNING OKAWARU WORSHIP
  2750 | Temple   | Became a worshipper of Warmaster Okawaru
  2750 | Temple   | 2750 ||| PLANNING D:1-11
  3028 | D:4      | 3028 ||| READING 2 scrolls of identify.
  3028 | D:4      | 3028 ||| IDENTIFYING brown potion
  3046 | D:5      | Entered Level 5 of the Dungeon
  3247 | D:5      | Noticed a yak
  3247 | D:5      | Noticed a yak
  3248 | D:5      | Noticed a yak
  3256 | D:5      | Killed a yak
  3257 | D:5      | Reached skill level 8 in Ranged Weapons
  3268 | D:5      | HP: 7/44 [yak (7)]
  3270 | D:5      | Killed a yak
  3270 | D:5      | Reached * piety under Okawaru
  3270 | D:5      | Slain by a yak

Levels and vault maps discovered:
D:1:      dpeg_arrival_leaves_temple_mockup, layout_basic, st_stairs_5,
          nrook_mini_backslash
D:2:      layout_loops_ring, shapermc_ecumenical_altar_mp_ritualfount,
          serial_shops, shop, nicolae_shop_gaudy_bauble, nicolae_shop_rolled_up,
          shop, nicolae_shop_window_shopping, amcnicky_mini_pool_small,
          kennysheep_generic_room_15, uniq_jessica
D:3:      layout_rooms, serial_shops, shop
D:4:      layout_rooms, minmay_temple_entry_gardened_gates
D:5:      layout_cave_pods, serial_column_ruins, column_ruins_grid_5,
          column_ruins_open_tiny, column_ruins_open_large, column_ruins_grid_2,
          column_ruins_open_small_water, column_ruins_open_large,
          column_ruins_open_tiny, column_ruins_corridor_corner,
          uniq_blork_the_orc
Temple:   compressed_dpeg_circular_temple

Skill      XL: |  1  2  3  4  5  6  7 |
---------------+----------------------+-----
Ranged Weapons | 5 6 8 |  8.2
Fighting       | 3 4 |  4.4
Dodging        | 2 |  2.5
Armour         | 1 |  1.8
Stealth        | |  1.1

Action                     |  1- 3 |  4- 6 |  7- 9 || total
---------------------------+-------+-------+-------++-------
   Fire: Shortbow          |   122 |   142 |    93 ||   357
    Use: Scroll            |     2 |     3 |     2 ||     7
 Armour: Leather armour    |    25 |     8 |       ||    33
         Ring mail         |       |    24 |    24 ||    48
  Dodge: Dodged            |    29 |    66 |    31 ||   126

Table legend:
 A = Non-vault XP
 B = Vault XP
 C = Vault XP percentage of total XP
 D = Non-vault monster count
 E = Vault monster count
 F = Vault count percentage of total count
                 A         B        C        D         E       F
            +---------+---------+-------+---------+---------+-------
      Total |    1325 |      42 |   3.1 |      92 |       4 |   4.2
            +---------+---------+-------+---------+---------+-------
        D:1 |      33 |       3 |   8.3 |      20 |       2 |   9.1
        D:2 |      79 |      39 |  33.1 |      23 |       2 |   8.0
        D:3 |     296 |       0 |   0.0 |      23 |       0 |   0.0
        D:4 |     516 |       0 |   0.0 |      23 |       0 |   0.0
        D:5 |     401 |       0 |   0.0 |       3 |       0 |   0.0
            +---------+---------+-------+---------+---------+-------
